 Dungeon Crawl Stone Soup version 0.19-a0-1740-g0bcaf2e (webtiles) character file.

488 Amnesiac the Cudgeler (level 7, -3/76 HPs)
             Began as an Ogre Chaos Knight on Oct 1, 2016.
             Slain by a hell hound (10 damage)
             ... on level 5 of the Dungeon.
             The game lasted 00:04:35 (3606 turns).

Amnesiac the Cudgeler (Ogre Chaos Knight)           Turns: 3606, Time: 00:04:36

Health: -3/76      AC:  6    Str: 18    XL:     7   Next: 13%
Magic:  7/7        EV: 11    Int: 11    God:    Xom [..*...]
Gold:   229        SH:  0    Dex: 11    Spells: 0 memorised, 6 levels left

rFire  . . .     SeeInvis .     a - +0 mace (chaos)
rCold  . . .     Gourm    .     b - +2 robe
rNeg   . . .     Faith    .     (no shield)
rPois  .         Spirit   .     (helmet restricted)
rElec  .         Dismiss  .     t - +0 cloak
rCorr  .         Reflect  .     (gloves unavailable)
MR     .....     Harm     .     (boots unavailable)
Stlth  +.........               (no amulet)
                                (no ring)
                                (no ring)

@: no status effects
A: unfitting armour, tough skin 1
a: Renounce Religion


You were on level 5 of the Dungeon.
You worshipped Xom.
You were a toy of Xom.
You were not hungry.

You visited 1 branch of the dungeon, and saw 5 of its levels.

You collected 229 gold pieces.

Inventory:

Hand Weapons
 a - a +0 mace of chaos (weapon)
 i - a +0 whip of freezing
 s - a +2 flail of protection
Armour
 b - a +2 robe (worn)
 t - a +0 cloak (worn)
Jewellery
 h - an uncursed amulet of regeneration {unknown}
Wands
 j - a wand of iceblast (8/15)
Scrolls
 d - a scroll of blinking {unknown}
 e - a scroll of noise {unknown}
 f - 2 scrolls of amnesia {unknown}
 g - 2 scrolls of teleportation {unknown}
 m - a scroll of enchant weapon {unknown}
 o - 5 scrolls of identify {unknown}
 p - a scroll of magic mapping {unknown}
 q - 3 scrolls of remove curse {unknown}
 r - a scroll of immolation {unknown}
 u - a scroll of random uselessness {unknown}
Potions
 k - a potion of invisibility {unknown}
 l - 2 potions of curing
 n - a potion of lignification {unknown}
Comestibles
 c - 3 bread rations
 v - 3 chunks of flesh
 w - 4 royal jellies


   Skills:
 + Level 6.4 Fighting
 * Level 7.5 Maces & Flails
 + Level 3.9 Dodging


You had 6 spell levels left.
You didn't know any spells.

Dungeon Overview and Level Annotations

Branches:
Dungeon (5/15)             Temple (0/1) D:4

Altars:
The Shining One


Innate Abilities, Weirdness & Mutations

You are too large for most types of armour.
You have tough skin. (AC +1)


Message History

The hell hound barely misses you.
You hit the hell hound.
The hell hound is poisoned.
The hell hound is heavily wounded.
The hell hound bites you. The hell hound completely misses you.
You hit the hell hound but do no damage.
You have a brief vision of globes of primordial fire.
The hell hound is heavily wounded.
The hell hound breathes flames at you. The blast of flame hits you!
* * * LOW HITPOINT WARNING * * *
Unknown command.
You hit the hell hound but do no damage.
The hell hound is heavily wounded. "First here, now there."
You swap places with the hell hound.
The hell hound bites you!
* * * LOW HITPOINT WARNING * * *
The hell hound bites you.
* * * LOW HITPOINT WARNING * * *
You feel better. The hell hound bites you!
You die...

#........... #.###...
#.##........ ..#.....#
#≈##........ ......#.# #
#.>..####### ........#
#.##..######## ..#.#.#.#
#.#...###..... ....(...
#.........# ..#.##..
###.###...# ....##.#
#####@###...#
.....#.###.#....h#.....#
.#...#.....#.###...#...#
...<.......# #.#.#.......
.....#.###.# #.#.#.......
##......#... #.#.........#
...###..#..#####.#.#...)...#
...#.......#.....#.#.#.....#
...#.##....#.#####.........


You could see a hell hound.

Vanquished Creatures
  A black bear (D:4)
  An ice beast (D:3)
  A hound (D:4)
  2 worker ants (D:4)
  7 adders
  An ooze (D:1)
  An adder skeleton (D:5)
  A worm (D:4)
  5 orcs (D:4)
  2 giant cockroaches
  9 goblins
  8 hobgoblins
  4 quokkas
  8 bats
  4 frilled lizards
  6 kobolds
  A leopard gecko skeleton (D:5)
  11 rats
73 creatures vanquished.

Vanquished Creatures (collateral kills)
  Blork the orc (D:4)
  A howler monkey (D:4)
  An orc priest (D:4)
  A hound (D:4)
4 creatures vanquished.

Grand Total: 77 creatures vanquished

Notes
Turn   | Place    | Note
-------+----------+-------------------------------------------
     0 | D:1      | Amnesiac the Ogre Chaos Knight began the quest for the Orb.
     0 | D:1      | Reached XP level 1. HP: 24/24 MP: 1/1
   101 | D:1      | Reached XP level 2. HP: 31/32 MP: 2/2
   655 | D:1      | XOM: cast spell 'Dragon Form'
   969 | D:2      | Reached XP level 3. HP: 40/40 MP: 3/3
  1338 | D:2      | Found a glowing golden altar of the Shining One.
  1418 | D:3      | Reached skill level 5 in Maces & Flails
  1545 | D:3      | Reached skill level 5 in Fighting
  1545 | D:3      | Reached XP level 4. HP: 43/50 MP: 4/4
  1686 | D:3      | Noticed an ice beast
  1709 | D:3      | XOM: potion effect (haste)
  1889 | D:3      | Killed an ice beast
  1889 | D:3      | Reached skill level 6 in Maces & Flails
  1889 | D:3      | Reached XP level 5. HP: 57/57 MP: 5/5
  2265 | D:3      | XOM: smoke on damage
  2415 | D:4      | XOM: medium Divn miscast
  2436 | D:4      | Noticed Blork the orc
  2446 | D:4      | XOM: summons 4 friendly demons
  2453 | D:4      | XOM: silly message
  2459 | D:4      | Killed Blork the orc
  2459 | D:4      | Reached XP level 6. HP: 15/67 MP: 4/6
  2751 | D:4      | Found a staircase to the Ecumenical Temple.
  2811 | D:4      | XOM: divination: magic mapping
  3201 | D:4      | XOM: harmless Air miscast
  3221 | D:4      | XOM: silly message
  3314 | D:4      | Reached skill level 7 in Maces & Flails
  3347 | D:4      | XOM: harmless Hex miscast
  3445 | D:4      | Noticed a black bear
  3446 | D:4      | XOM: noise
  3453 | D:4      | Killed a black bear
  3453 | D:4      | Reached XP level 7. HP: 69/76 MP: 7/7
  3495 | D:5      | XOM: noise
  3495 | D:5      | Entered Level 5 of the Dungeon
  3605 | D:5      | XOM: swap monsters
  3605 | D:5      | HP: 1/76 [hell hound (5)]
  3606 | D:5      | Slain by a hell hound

Vault maps used:
D:1:      dpeg_arrival_rhombus
D:2:      tso_oasis_becter
D:4:      black_bear_nest_1, minmay_quantized, uniq_blork_the_orc
D:5:      kennysheep_mini_moat, first_bread, uniq_prince_ribbit1

Skill      XL: |  1  2  3  4  5  6 |
---------------+-------------------+-----
Maces & Flails | 5 6 7 |  7.5
Fighting       | 5 6 |  6.4
Dodging        | 3 |  3.9

Action                   |  1- 3 |  4- 6 |  7- 9 || total
-------------------------+-------+-------+-------++-------
Melee: Mace              |   117 |   123 |    35 ||   275
       Unarmed           |     2 |       |       ||     2
  Use: Potion            |       |     1 |     1 ||     2
 Stab: Confused          |     2 |       |       ||     2
       Paralysed         |     1 |       |       ||     1
       Sleeping          |     1 |     1 |       ||     2
  Eat: Chunk             |     2 |     6 |     1 ||     9
Armor: Robe              |    50 |    45 |    14 ||   109
       Skin              |     2 |       |       ||     2
Dodge: Dodged            |    67 |    52 |    15 ||   134
